 Dungeon Crawl Stone Soup version 0.29-a0-1027-gcd8c55af63 (webtiles) character file.

Game seed: 3808672520909094506

882 Manisian the Vexing (level 7, -2/32 HPs)
             Began as a Spriggan Enchanter on Aug 14, 2022.
             Slain by an orc
             ... wielding a +0 hand axe
              (5 damage)
             ... on level 5 of the Dungeon.
             The game lasted 00:12:58 (5945 turns).

Manisian the Vexing (Spriggan Enchanter)            Turns: 5945, Time: 00:12:59

Health: -2/32      AC:  2    Str:  4    XL:     7   Next: 76%
Magic:  13/17      EV: 17    Int: 18    God:
Gold:   247        SH:  0    Dex: 16    Spells: 10/18 levels left

rFire   . . .      SeeInvis +   a - +1 dagger
rCold   . . .      Faith    .   (no shield)
rNeg    . . .      Spirit   .   b - +0 robe
rPois   .          Reflect  .   (helmet restricted)
rElec   .          Harm     .   q - scarf {shadows}
rCorr   .          Rampage  .   (gloves unavailable)
Will    +....                   (boots unavailable)
Stlth   +++.......              (no amulet)
HPRegen 0.10/turn               (no ring)
MPRegen 0.15/turn               (no ring)

@: confusing by touch, very quick
A: very small, no large weapons, unfitting armour, see invisible, speed 3
a: no special abilities


You were on level 5 of the Dungeon.
You visited 2 branches of the dungeon, and saw 7 of its levels.

You collected 258 gold pieces.
You spent 11 gold pieces at shops.

Inventory:

Hand Weapons
 a - a +1 dagger (weapon)
Missiles
 h - 55 stones (quivered)
 i - 9 poisoned darts
Armour
 b - a +0 robe (worn)
 k - a +0 buckler
 q - a scarf of shadows (worn)
Jewellery
 m - a +4 ring of slaying
Scrolls
 f - 3 scrolls of teleportation
 g - a scroll of summoning
 l - 3 scrolls of identify
 o - 2 scrolls of fear
Potions
 c - a potion of mutation
 d - a potion of flight
 e - a potion of brilliance
 j - a potion of resistance
 n - 4 potions of haste
 r - a potion of attraction {unknown}


   Skills:
 - Level 2.0 Short Blades
 + Level 5.1 Throwing
 - Level 3.0 Dodging
 - Level 5.0 Stealth
 - Level 6.0 Spellcasting
 - Level 6.0 Hexes
 - Level 2.0 Ice Magic


You had 10 spell levels left.
You knew the following spells:

 Your Spells              Type           Power      Damage    Failure   Level
a - Ensorcelled Hibernat  Hex/Ice        38%        N/A       3%          2
b - Confusing Touch       Hex            27%        N/A       3%          3
c - Dazzling Flash        Conj/Hex       32%        N/A       11%         3

Your spell library contained the following spells:

 Spells                   Type           Power      Damage    Failure   Level
 Tukima's Dance           Hex            27%        N/A       3%          3
 Shock                    Conj/Air       20%        1d4       12%         1
 Swiftness                Air            5%         N/A       34%         3
 Airstrike                Air            2%         2d(1-17)  75%         4
 Animate Dead             Necr           5%         N/A       75%         4
 Borgnjor's Vile Clutch   Necr/Erth      2%         N/A       97%         5
 Death Channel            Necr           2%         N/A       100%        6


Dungeon Overview and Level Annotations

Branches:
Dungeon (6/15)             Temple (1/1) D:4

Altars:
Ashenzari
Cheibriados
Elyvilon
Fedhas
Gozag
Kikubaaqudgha
Makhleb
Nemelex Xobeh
Qazlal
Ru
Sif Muna
Trog
Uskayaw
Vehumet
Wu Jian
Xom
Yredelemnul
Zin
The Shining One

Shops:
D:1 (

Annotations:
D:3 exclusion: 3 doors


Innate Abilities, Weirdness & Mutations

You are very small and have problems with some larger weapons.
You are too small for most types of armour.
You have supernaturally acute eyesight. (SInv)
You cover ground extremely quickly. (Speed+++)


Message History

Magic restored.
Found a ring mail.
Found a robe.
Found a scale mail.
You see here a +0 robe.
An ogre comes into view. It is wielding a +0 giant club.
An ogre is nearby!
An orc comes into view. It is wielding a +0 hand axe.
An orc comes into view. It is wielding a +0 club.
Found a scroll labelled KETUAG ZE DYAM.
The orc shouts!
The ogre shouts!
You hear a shout! x3
Casting: Ensorcelled Hibernation (safe; 3% risk of failure)
Confirm with . or Enter, or press ? or * to list all spells.
Aiming: Ensorcelled Hibernation (safe; 3% risk of failure)
Press: ? - help, Shift-Dir - straight line, f - ogre
Aim: an ogre, wielding a +0 giant club (chance to affect: 51%)
The ogre looks drowsy...
The helpless ogre fails to defend itself.
You impale the ogre!!
The ogre is almost dead.
The ogre hits you with a +0 giant club!
Casting: Ensorcelled Hibernation (safe; 3% risk of failure)
Confirm with . or Enter, or press ? or * to list all spells.
Your hands begin to glow red.
The ogre misses you.
You hit the ogre but do no damage.
The ogre is almost dead.
You hit the ogre but do no damage.
The ogre is almost dead.
The ogre misses you.
You hit the ogre but do no damage.
The ogre is almost dead.
The orc misses you.
You completely miss the ogre.
The ogre is almost dead.
The ogre hits you with a +0 giant club!!
Ouch! That really hurt!
* * * LOW HITPOINT WARNING * * *
The orc hits you with a +0 hand axe.
You die... oo..

#..........##...# #...#
##..............# #...##
##..........#..# #....#
#.....##..###...
#....##.....####.# ##..
.###........... #.## #..
#........##......##..###..
###....O######.......##..
#...oo@## ##.........#
##.###...####..........# #..#
#..[..#...##..##..#
#..###.#.....## #.###...
..####...##..####..##..##.#..
#.............###..#.# ##..#
##...#..[........ ... #..#
##.####......... .. ##...
##.#####....### #....


You could see an ogre and 2 orcs.

Vanquished Creatures
  A water moccasin (D:5)
  A phantom (D:3)
  A necrophage (D:4)
  2 scorpions
  4 hounds
  A gnoll bouda (D:5)
  3 iguanas
  Natasha (D:3)
  2 orc wizards (D:3)
  9 adders
  4 gnolls (D:5)
  3 worms
  A dart slug (D:3)
  8 orcs
  9 endoplasms
  4 giant cockroaches
  3 goblins
  11 hobgoblins
  8 jackals (D:3)
  7 kobolds
  8 quokkas
  5 ball pythons
  7 bats
  4 frilled lizards
  7 rats
114 creatures vanquished.

Vanquished Creatures (others)
  A goblin (D:3)
  5 plants (D:3)
6 creatures vanquished.

Grand Total: 120 creatures vanquished

Notes
Turn   | Place    | Note
-------+----------+-------------------------------------------
     0 | D:1      | Manisian the Spriggan Enchanter began the quest for the
                  | Orb.
     0 | D:1      | Reached XP level 1. HP: 9/9 MP: 5/5
   177 | D:1      | Reached XP level 2. HP: 6/13 MP: 6/6
   447 | D:1      | Learned a level 2 spell: Ensorcelled Hibernation
   528 | D:1      | Found Saosk's Weapon Emporium.
   532 | D:1      | Bought 3 stones for 4 gold pieces
   532 | D:1      | Bought 5 stones for 7 gold pieces
   831 | D:1      | Reached skill level 5 in Stealth
   922 | D:2      | Found a faded altar of an unknown god.
  1045 | D:2      | Reached XP level 3. HP: 16/16 MP: 8/8
  1062 | D:2      | Learned a level 3 spell: Confusing Touch
  1359 | D:2      | Reached skill level 1 in Ice Magic
  1395 | D:2      | Reached XP level 4. HP: 19/21 MP: 3/9
  1771 | D:2      | Learned a level 3 spell: Dazzling Flash
  1788 | D:3      | Found a blossoming altar of Fedhas.
  1885 | D:3      | Noticed a phantom
  1901 | D:3      | Killed a phantom
  1902 | D:3      | Reached XP level 5. HP: 23/24 MP: 10/12
  1920 | D:3      | You fall into a shaft and drop 3 floors!
  1936 | D:5      | Entered Level 5 of the Dungeon
  2043 | D:4      | Reached skill level 5 in Hexes
  2257 | D:4      | Found a broken altar of Ashenzari.
  2362 | D:4      | Reached XP level 6. HP: 24/28 MP: 7/14
  2453 | D:4      | Found a staircase to the Ecumenical Temple.
  2456 | D:4      | Reached skill level 5 in Spellcasting
  2469 | Temple   | Entered the Ecumenical Temple
  3535 | D:3      | HP: 1/28 [orc wizard/+0 dagger (1)]
  3551 | D:3      | Reached skill level 1 in Throwing
  4205 | D:3      | Noticed Natasha
  4211 | D:3      | Killed Natasha
  4212 | D:3      | Reached XP level 7. HP: 32/32 MP: 17/17
  4428 | D:3      | Found a snail-covered altar of Cheibriados.
  5466 | D:5      | Reached skill level 5 in Throwing
  5945 | D:5      | Slain by an orc

Illustrated notes

Levels and vault maps discovered:
D:1:      elethiomel_arrival_shortcut, layout_rooms, serial_shops,
          nicolae_shop_stone
D:2:      layout_basic, basic_ecumenical_altar
D:3:      minmay_bubble_buster, layout_loops_ring, kennysheep_slug_shrine,
          mainiacjoe_overflow_alcove_4, uniq_natasha
D:4:      layout_basic, mainiacjoe_overflow_tiny_flanked,
          minmay_temple_entry_fiery, minmay_box_of_dots
D:5:      layout_layer_cave
D:6:      lemuel_ice_spiral_2, layout_basic, gammafunk_ghost_smash,
          chequers_serial_rivers_room_b, minmay_misc_feat_room, uniq_pikel
Temple:   nicolae_temple_elliptical

Skill      XL: |  1  2  3  4  5  6  7 |
---------------+----------------------+-----
Hexes          | 4 5 6 |  6.0
Stealth        | 5 |  5.0
Short Blades   | 2 |  2.0
Dodging        | 3 |  3.0
Spellcasting   | 3 4 6 |  6.0
Ice Magic      | 1 2 |  2.0
Throwing       | 2 5 |  5.1

Action                   |  1- 3 |  4- 6 |  7- 9 || total
-------------------------+-------+-------+-------++-------
Melee: Dagger            |    93 |   143 |    49 ||   285
       Punch             |     2 |     1 |       ||     3
Throw: Stone             |     5 |     1 |       ||     6
 Cast: Ensorcelled Hiber |    20 |    46 |    26 ||    92
       Confusing Touch   |       |     2 |     2 ||     4
  Use: Potion            |     1 |     3 |     1 ||     5
       Scroll            |       |    10 |     1 ||    11
 Stab: Sleeping          |    20 |    32 |    21 ||    73
       Invisible         |       |     8 |       ||     8
       Confused          |       |     3 |       ||     3
Armor: Robe              |    11 |     5 |     2 ||    18
Dodge: Dodged            |    70 |   103 |    31 ||   204

Table legend: (Time is in decaauts)
 A = Elapsed time spent in this place.
 B = Non-inter-level travel time spent in this place.
 C = Inter-level travel time spent in this place.
 D = Time resting spent in this place.
 E = Time spent auto-exploring this place.
 F = Levels seen in this place.
 G = Mean time per level.
                   A        B        C        D        E       F      G
               +--------+--------+--------+--------+--------+-----+--------+
         Total |   4635 |   4478 |    157 |    992 |   2489 |   7 |  662.1 |
       Dungeon |   4523 |   4396 |    127 |    992 |   2418 |   6 |  753.8 |
        Temple |    111 |     82 |     29 |      0 |     71 |   1 |  111.0 |
               +--------+--------+--------+--------+--------+-----+--------+

Top non-repeatable levels by time:
     D:3: 1249 daAuts
     D:5: 1089 daAuts
     D:1: 754 daAuts
     D:4: 749 daAuts
     D:2: 669 daAuts
  Temple: 111 daAuts
     D:6: 11 daAuts
